PA
GWINNETT COUNTY BLACK CATS @ HAMMOND HERONS
08/20/2023
 
TOP OF THE 1ST
Gwinnett County Black Cats batting - Pitching for Hammond Herons : LHP Andrés Quezada
Pitching: LHP Andrés Quezada
Batting: RHB Aaron Taylor 0-0: Fly out, F6 (Line Drive, 56)
Batting: RHB Vicente Espinoza 0-0: Called Strike
0-1: Ball
1-1: Swinging Strike
1-2: Ground out U3 (Groundball, 3)
Batting: LHB Jorge Borbón 0-0: Called Strike
0-1: Ball
1-1: Swinging Strike
1-2: Ball
2-2: SINGLE (Line Drive, 4M)
Batting: LHB Willis Baker 0-0: Called Strike
0-1: Ball
1-1: Ball
2-1: Ground out 6-3 (Groundball, 6)
Top of the 1st over - 0 run(s), 1 hit(s), 0 error(s), 1 left on base; Gwinnett County 0 - Hammond 0
BOTTOM OF THE 1ST
Hammond Herons batting - Pitching for Gwinnett County Black Cats : RHP Norman Stevens
Pitching: RHP Norman Stevens
Batting: RHB Pancho Núñez 0-0: Called Strike
0-1: Ball
1-1: Ball
2-1: Foul Ball, location: 2F
2-2: Fly out, F9 (Flyball, 9M)
Batting: RHB José Trombelli 0-0: Ground out 5-3 (Groundball, 5S)
Batting: RHB António Guzmán 0-0: Ball
1-0: Foul Ball, location: 2F
1-1: Ball
2-1: Called Strike
2-2: SOLO HOME RUN (Flyball, 89XD), Distance : 383 ft
Batting: LHB Ferris Minor 0-0: Called Strike
0-1: Foul Ball, location: 2F
0-2: Ball
1-2: Foul Ball, location: 2F
1-2: Ball
2-2: Ball
3-2: SINGLE (Groundball, 34S)
Batting: RHB Alfonso Pérez 0-0: Ball
1-0: Called Strike
1-1: Fly out, F9 (Flyball, 9M)
Bottom of the 1st over - 1 run(s), 2 hit(s), 0 error(s), 1 left on base; Gwinnett County 0 - Hammond 1
TOP OF THE 2ND
Gwinnett County Black Cats batting - Pitching for Hammond Herons : LHP Andrés Quezada
Batting: RHB John Townsend 0-0: Ball
1-0: SINGLE (Groundball, 5L)
Batting: RHB Addie Kattenberg 0-0: Foul Ball, location: 2F
0-1: Swinging Strike
0-2: Ball
1-2: Grounds into double play, 6-4-3 (Groundball, 56)
Batting: LHB Jace McNulty 0-0: Ball
1-0: Ball
2-0: Foul Ball, location: 2F
2-1: Foul Ball, location: 2F
2-2: Strikes out swinging
Top of the 2nd over - 0 run(s), 1 hit(s), 0 error(s), 0 left on base; Gwinnett County 0 - Hammond 1
BOTTOM OF THE 2ND
Hammond Herons batting - Pitching for Gwinnett County Black Cats : RHP Norman Stevens
Batting: RHB Fernando Martínez 0-0: Ball
1-0: Ball
2-0: Foul Ball, location: 2F
2-1: Ball
3-1: Base on Balls
Batting: RHB Joel Galindo 0-0: Called Strike
0-1: Swinging Strike
0-2: SINGLE (Groundball, 5D)
Fernando Martínez to second
Batting: SHB Will Boyle 0-0: Ball
1-0: Called Strike
1-1: Foul Ball, location: 2F
1-2: Strikes out swinging
Batting: RHB Sergio Pérez 0-0: Ground out 5-3 (Groundball, 5S)
Fernando Martínez to third
Joel Galindo to second
Batting: RHB Pancho Núñez 0-0: Fly out, F6 (Popup, 6M)
Bottom of the 2nd over - 0 run(s), 1 hit(s), 0 error(s), 2 left on base; Gwinnett County 0 - Hammond 1
TOP OF THE 3RD
Gwinnett County Black Cats batting - Pitching for Hammond Herons : LHP Andrés Quezada
Batting: RHB Clarence Weber 0-0: Called Strike
0-1: Swinging Strike
0-2: Ground out 4-3 (Groundball, 4)
Batting: RHB Luis Guerrero 0-0: Ball
1-0: Foul Ball, location: 2F
1-1: Foul Ball, location: 2F
1-2: Strikes out swinging
Batting: RHB Aaron Taylor 0-0: Called Strike
0-1: Ground out 5-3 (Groundball, 5S)
Top of the 3rd over - 0 run(s), 0 hit(s), 0 error(s), 0 left on base; Gwinnett County 0 - Hammond 1
BOTTOM OF THE 3RD
Hammond Herons batting - Pitching for Gwinnett County Black Cats : RHP Norman Stevens
Batting: RHB José Trombelli 0-0: Swinging Strike
0-1: Called Strike
0-2: SINGLE (Groundball, 5L)
Batting: RHB António Guzmán 0-0: Ball
1-0: Ball
2-0: Called Strike
2-1: Called Strike
2-2: Ball
3-2: SINGLE (Line Drive, 56D)
José Trombelli to second
José Trombelli to third
Batting: LHB Ferris Minor 0-0: Ball
1-0: Called Strike
1-1: Ball
2-1: Ball
3-1: Called Strike
3-2: Base on Balls
António Guzmán to second
Batting: RHB Alfonso Pérez 0-0: Swinging Strike
0-1: Ball
1-1: Ball
2-1: SINGLE (Line Drive, 9M)
José Trombelli scores
António Guzmán to third
Ferris Minor to second
Batting: RHB Fernando Martínez 0-0: Called Strike
0-1: Ball
1-1: Foul Ball, location: 2F
1-2: Strikes out swinging
Batting: RHB Joel Galindo 0-0: Called Strike
0-1: Ball
1-1: Swinging Strike
1-2: Strikes out swinging
Batting: SHB Will Boyle 0-0: Swinging Strike
0-1: Ball
1-1: Ball
2-1: Swinging Strike
2-2: Ball
3-2: Fly out, F4 (Popup, 89S)
Bottom of the 3rd over - 1 run(s), 3 hit(s), 0 error(s), 3 left on base; Gwinnett County 0 - Hammond 2
TOP OF THE 4TH
Gwinnett County Black Cats batting - Pitching for Hammond Herons : LHP Andrés Quezada
Batting: RHB Vicente Espinoza 0-0: Ball
1-0: Foul Ball, location: 2F
1-1: Ground out 6-3 (Groundball, 6)
Batting: LHB Jorge Borbón 0-0: Called Strike
0-1: Foul Ball, location: 2F
0-2: Ball
1-2: Foul Ball, location: 2F
1-2: Foul Ball, location: 2F
1-2: Ball
2-2: Foul Ball, location: 2F
2-2: SOLO HOME RUN (Line Drive, 89XD), Distance : 369 ft
Batting: LHB Willis Baker 0-0: Foul Ball, location: 2F
0-1: Swinging Strike
0-2: Strikes out swinging
Batting: RHB John Townsend 0-0: Ball
1-0: Fly out, F7 (Flyball, 7D)
Top of the 4th over - 1 run(s), 1 hit(s), 0 error(s), 0 left on base; Gwinnett County 1 - Hammond 2
BOTTOM OF THE 4TH
Hammond Herons batting - Pitching for Gwinnett County Black Cats : RHP Norman Stevens
Batting: RHB Sergio Pérez 0-0: Ball
1-0: Called Strike
1-1: Foul Ball, location: 2F
1-2: Ball
2-2: Foul Ball, location: 2F
2-2: Foul Ball, location: 2F
2-2: Fly out, F8 (Flyball, 89M)
Batting: RHB Pancho Núñez 0-0: Foul Ball, location: 2F
0-1: Foul Ball, location: 2F
0-2: Ball
1-2: Ground out U3 (Groundball, 3)
Batting: RHB José Trombelli 0-0: SINGLE (Groundball, 56D)
Batting: RHB António Guzmán 0-0: Foul Ball, location: 2F
0-1: Ball
Wild Pitch!
José Trombelli to second
1-1: Ground out 5-3 (Groundball, 56)
Bottom of the 4th over - 0 run(s), 1 hit(s), 0 error(s), 1 left on base; Gwinnett County 1 - Hammond 2
TOP OF THE 5TH
Gwinnett County Black Cats batting - Pitching for Hammond Herons : LHP Andrés Quezada
Batting: RHB Addie Kattenberg 0-0: Ball
1-0: Ground out 5-3 (Groundball, 56)
Batting: LHB Jace McNulty 0-0: Ball
1-0: Ball
2-0: Ball
3-0: Called Strike
3-1: Base on Balls
Batting: RHB Clarence Weber 0-0: Ball
1-0: Foul Ball, location: 2F
1-1: Fielders Choice at 2nd, 1-4 (Groundball, 15S)
Batting: RHB Luis Guerrero 0-0: Called Strike
0-1: Foul Ball, location: 2F
0-2: Strikes out swinging
Top of the 5th over - 0 run(s), 0 hit(s), 0 error(s), 1 left on base; Gwinnett County 1 - Hammond 2
BOTTOM OF THE 5TH
Hammond Herons batting - Pitching for Gwinnett County Black Cats : RHP Norman Stevens
Batting: LHB Ferris Minor 0-0: Ball
1-0: Ball
2-0: Ball
3-0: Called Strike
3-1: Base on Balls
Pitching: RHP Eric Clark
Batting: RHB Alfonso Pérez 0-0: Foul Ball, location: 2F
0-1: Ball
1-1: Fly out, F6 (Popup, 56D)
Batting: RHB Fernando Martínez 0-0: Called Strike
0-1: SINGLE (Flyball, 9LS)
Ferris Minor to second
Runner from 2nd tries for 3rd, SAFE, throw made to third
Pinch Runner at 3rd Brian Soto:
Batting: RHB Joel Galindo 0-0: Ground out 4-3 (Groundball, 4M)
Brian Soto scores
Fernando Martínez to second
Batting: SHB Will Boyle 0-0: Ball
1-0: Foul Ball, location: 2F
1-1: Swinging Strike
1-2: Foul Ball, location: 2F
1-2: Ground out U3 (Groundball, 3)
Bottom of the 5th over - 1 run(s), 1 hit(s), 0 error(s), 1 left on base; Gwinnett County 1 - Hammond 3
TOP OF THE 6TH
Gwinnett County Black Cats batting - Pitching for Hammond Herons : LHP Andrés Quezada
Now in RF: Brian Soto
Batting: RHB Aaron Taylor 0-0: Foul Ball, location: 2F
0-1: Ball
1-1: Foul Ball, location: 2F
1-2: Fly out, F6 (Line Drive, 6)
Batting: RHB Vicente Espinoza 0-0: Foul Ball, location: 2F
0-1: Ball
1-1: Ball
2-1: SINGLE (Groundball, 4MD)
Batting: LHB Jorge Borbón 0-0: Called Strike
0-1: Called Strike
0-2: Strikes out looking
Batting: LHB Willis Baker 0-0: Ball
1-0: Ball
2-0: Called Strike
2-1: Ball
3-1: Base on Balls
Vicente Espinoza to second
Batting: RHB John Townsend 0-0: Foul Ball, location: 2F
0-1: Ball
1-1: Foul Ball, location: 2F
1-2: Fly out, F4 (Popup, 4M)
Top of the 6th over - 0 run(s), 1 hit(s), 0 error(s), 2 left on base; Gwinnett County 1 - Hammond 3
BOTTOM OF THE 6TH
Hammond Herons batting - Pitching for Gwinnett County Black Cats : RHP Eric Clark
Batting: RHB Sergio Pérez 0-0: Ball
1-0: Ball
2-0: Swinging Strike
2-1: SINGLE (Groundball, 4)
Batting: RHB Pancho Núñez 0-0: Sac Bunt - play at first, batter OUT! 1-4
Sergio Pérez to second
Batting: RHB José Trombelli 0-0: Foul Ball, location: 2F
0-1: Ground out 6-3 (Groundball, 6)
Batting: RHB António Guzmán 0-0: Called Strike
0-1: Foul Ball, location: 2F
0-2: Ball
1-2: Strikes out swinging
Bottom of the 6th over - 0 run(s), 1 hit(s), 0 error(s), 1 left on base; Gwinnett County 1 - Hammond 3
TOP OF THE 7TH
Gwinnett County Black Cats batting - Pitching for Hammond Herons : LHP Andrés Quezada
Batting: RHB Addie Kattenberg 0-0: Ball
1-0: Swinging Strike
1-1: Ground out 5-3 (Groundball, 56S)
Batting: LHB Jace McNulty 0-0: Ball
1-0: Ball
2-0: Called Strike
2-1: Ball
3-1: Called Strike
3-2: Foul Ball, location: 2F
3-2: Ground out 4-3 (Groundball, 4M)
Batting: RHB Clarence Weber 0-0: Foul Ball, location: 2F
0-1: Ball
1-1: Foul Ball, location: 2F
1-2: Fly out, F6 (Line Drive, 6)
Top of the 7th over - 0 run(s), 0 hit(s), 0 error(s), 0 left on base; Gwinnett County 1 - Hammond 3
BOTTOM OF THE 7TH
Hammond Herons batting - Pitching for Gwinnett County Black Cats : RHP Eric Clark
Batting: RHB Brian Soto 0-0: Ball
1-0: Foul Ball, location: 2F
1-1: Ball
2-1: Foul Ball, location: 2F
2-2: Strikes out swinging
Batting: RHB Alfonso Pérez 0-0: Called Strike
0-1: Ball
1-1: Fly out, F8 (Flyball, 8RM)
Batting: RHB Fernando Martínez 0-0: Ball
1-0: Swinging Strike
1-1: Ball
2-1: Swinging Strike
2-2: Strikes out swinging
Bottom of the 7th over - 0 run(s), 0 hit(s), 0 error(s), 0 left on base; Gwinnett County 1 - Hammond 3
TOP OF THE 8TH
Gwinnett County Black Cats batting - Pitching for Hammond Herons : LHP Andrés Quezada
Pitching: RHP Jorge Vázquez
Batting: RHB Luis Guerrero 0-0: Foul Ball, location: 2F
0-1: Ball
1-1: Foul Ball, location: 2F
1-2: Fly out, F8 (Flyball, 8RM)
Batting: RHB Aaron Taylor 0-0: Foul Ball, location: 2F
0-1: Ball
1-1: Swinging Strike
1-2: Foul Ball, location: 2F
1-2: Ball
2-2: Foul Ball, location: 2F
2-2: Foul Ball, location: 2F
2-2: Foul Ball, location: 2F
2-2: Ball
3-2: Strikes out swinging
Batting: RHB Vicente Espinoza 0-0: Called Strike
0-1: Called Strike
0-2: Strikes out looking
Top of the 8th over - 0 run(s), 0 hit(s), 0 error(s), 0 left on base; Gwinnett County 1 - Hammond 3
BOTTOM OF THE 8TH
Hammond Herons batting - Pitching for Gwinnett County Black Cats : RHP Eric Clark
Batting: RHB Joel Galindo 0-0: Foul Ball, location: 2F
0-1: Ball
1-1: Ball
2-1: Swinging Strike
2-2: SINGLE (Groundball, 4MD)
Batting: SHB Will Boyle 0-0: Sac Bunt - play at first, batter OUT! 1-3
Joel Galindo to second
Batting: RHB Sergio Pérez 0-0: Ball
1-0: Ball
2-0: Ball
3-0: Called Strike
3-1: Fly out, F8 (Flyball, 8LM)
Batting: RHB Pancho Núñez 0-0: Swinging Strike
0-1: Ball
1-1: Foul Ball, location: 2F
1-2: Strikes out looking
Bottom of the 8th over - 0 run(s), 1 hit(s), 0 error(s), 1 left on base; Gwinnett County 1 - Hammond 3
TOP OF THE 9TH
Gwinnett County Black Cats batting - Pitching for Hammond Herons : RHP Jorge Vázquez
Pitching: LHP Luis Vega
Batting: LHB Jorge Borbón 0-0: Ball
1-0: Foul Ball, location: 2F
1-1: Ball
2-1: Fly out, F8 (Flyball, 8LXD)
Batting: LHB Willis Baker 0-0: Called Strike
0-1: Ground out U3 (Groundball, 3)
Batting: RHB John Townsend 0-0: Ball
1-0: Ball
2-0: Ball
3-0: Base on Balls
Pinch Hitting: RHB Orlando Sánchez 0-0: Foul Ball, location: 2F
0-1: Called Strike
0-2: Strikes out swinging
Top of the 9th over - 0 run(s), 0 hit(s), 0 error(s), 1 left on base; Gwinnett County 1 - Hammond 3
This league is powered by Out of the Park Baseball, the baseball management simulation game for PC, Mac and Linux
Friday, July 8th, 2016 - OOTP Baseball 16.9 Build 39